 Dungeon Crawl Stone Soup version 0.15.1-3-g1b33baa (webtiles) character file.

90692 Psiweapon the Pandemonic (level 15, -24/138 HPs)
             Began as a Deep Dwarf Necromancer on Oct 9, 2014.
             Was a High Priest of Makhleb.
             Annihilated by an Executioner (25 damage)
             ... summoned by the player character
             ... on Level 1 of the Spider Nest on Oct 10, 2014.
             The game lasted 03:33:20 (29963 turns).

Psiweapon the Pandemonic (Deep Dwarf Necromancer)  Turns: 29963, Time: 03:33:20

HP -24/138       AC 14     Str 18      XL: 15   Next: 52%
MP  14/30        EV 18     Int 22      God: Makhleb [*****.]
Gold 1543        SH  0     Dex 16      Spells:  7 memorised,  3 levels left

rFire  + . .     SeeInvis .     b - +5 trident (vamp)
rCold  . . .     Clarity  +     y - +3 leather armour {MR+}
rNeg   + . .     rCorr    .     (no shield)
rPois  .         rRot     .     W - +1 helmet of Fortitude {Dex+2}
rElec  +         Spirit   .     (no cloak)
SustAb .         Warding  .     k - +2 pair of gloves
rMut   .         Stasis   .     a - +0 pair of boots
Gourm  .                        X - amulet of clarity
MR     +++..                    p - ring of protection from fire
                                u - ring "Zolloew" {Wiz Str+4 Int+3}

@: non-regenerating, extremely resistant to hostile enchantments, unstealthy
A: damage resistance, recharge devices, blurry vision 1, deterioration 1,
negative energy resistance 1, sense surroundings 2, electricity resistance, slow
healing 3
a: Device Recharging, Minor Destruction, Lesser Servant of Makhleb, Major
Destruction, Greater Servant of Makhleb, Renounce Religion


You were on level 1 of the Spider Nest.
You worshipped Makhleb.
Makhleb was extremely pleased with you.
You were not hungry.

You visited 6 branches of the dungeon, and saw 27 of its levels.
You also visited: Sewer and Ossuary.

You collected 1543 gold pieces.

Inventory:

Hand weapons
 b - a +5 vampiric trident (weapon)
Armour
 a - a +0 pair of boots (worn)
 k - a +2 pair of gloves (worn)
 y - a +3 leather armour of magic resistance (worn)
 F - a +1 cloak
 W - the +1 helmet of Fortitude (worn) {Dex+2}
   (You acquired it on level 10 of the Dungeon)

   It affects your dexterity (+2).
Magical devices
 c - a wand of heal wounds (4)
 e - a wand of disintegration (12)
 g - a wand of invisibility (4)
 x - a wand of hasting (2)
 z - a wand of cold (10)
 A - a wand of teleportation (3)
 C - a wand of draining (3)
 L - a wand of digging (9)
 M - a wand of enslavement (8)
 O - a wand of paralysis (6)
 Z - a wand of fire (4)
Comestibles
 d - 24 bread rations
 l - 5 meat rations
Scrolls
 q - 11 scrolls of remove curse
 w - a scroll of fog
 G - 6 scrolls of teleportation
 H - a scroll of blinking
 R - 6 scrolls of fear
 S - a scroll of immolation
Jewellery
 h - an uncursed ring of see invisible
 p - a ring of protection from fire (right hand)
 u - the ring "Zolloew" (left hand) {Wiz Str+4 Int+3}
   (You found it on level 13 of the Dungeon)

   [ring of wizardry]

   It improves your spell success rate.
   It affects your strength (+4).
   It affects your intelligence (+3).
 B - an uncursed ring of ice
 D - a +5 ring of protection
 I - an uncursed amulet of the gourmand
 U - an uncursed ring of teleportation
 X - an amulet of clarity (around neck)
Potions
 j - 3 potions of haste
 m - a potion of might
 o - 16 potions of curing
 s - 2 potions of flight
 t - 5 potions of restore abilities
 E - a potion of brilliance
 K - a potion of resistance
 N - 2 potions of cancellation
 P - 2 potions of heal wounds
 Q - 3 potions of agility
Miscellaneous
 f - a lamp of fire
 v - a lamp of fire
 Y - a lamp of fire


   Skills:
 - Level 9.7 Fighting
   Level 3.2(6.0) Maces & Flails
 - Level 8.6(9.7) Polearms
   Level 7.2(9.3) Staves
 - Level 10.7 Armour
 - Level 10.0 Dodging
 - Level 2.6 Stealth
 - Level 0.1 Unarmed Combat
 - Level 5.4 Spellcasting
 - Level 10.0 Necromancy
 + Level 11.6 Earth Magic
 - Level 16.0 Invocations
 - Level 5.3 Evocations


You had 3 spell levels left.
You knew the following spells:

 Your Spells              Type           Power        Failure   Level  Hunger
a - Pain                  Necr           ####         1%          1    None
b - Vampiric Draining     Necr           ######....   1%          3    ##.....
c - Animate Skeleton      Necr           N/A          1%          1    None
d - Animate Dead          Necr           N/A          1%          4    ####...
e - Stoneskin             Trmt/Erth      ####....     1%          2    None
f - Agony                 Necr           ######..     2%          5    #####..
g - Lee's Rapid Deconstr  Erth           ######....   1%          5    #####..


Dungeon Overview and Level Annotations

Branches:
Dungeon (15/15)            Temple (1/1) D:5             Orc (0/4) D:9
   Lair (8/8) D:11         Shoals (1/5) Lair:3       Spider (1/5) Lair:3
  Slime (0/6) Lair:6       Vaults (0/5) D:13         Depths (1/5) D:15

Altars:
Ashenzari
Cheibriados
Dithmenos
Elyvilon
Fedhas
Kikubaaqudgha
Makhleb
Nemelex Xobeh
Okawaru
Qazlal
Sif Muna
Trog
Vehumet
Xom
Yredelemnul
Zin
The Shining One
Beogh
Jiyva

Shops:
D:10 (

Portals:
Ziggurat: Depths:1

Annotations:
D:11 Nessos
Shoals:1 Josephine


Innate Abilities, Weirdness & Mutations

You are resistant to damage.
You can recharge devices by infusing magical energy.
You resist negative energy.
You passively map the area around you.
You do not heal naturally.
Your vision is a little blurry.
Your body is slowly deteriorating.
You are resistant to electric shocks.


Message History

The Executioner hits you. The Executioner barely misses you.
The Executioner hits you.
The Executioner hits you but does no damage.
Your blizzard demon closely misses the Executioner.
Your blizzard demon hits the Executioner but does no damage.
You hit the Executioner.
The Executioner is lightly wounded.
The Executioner barely misses you.
The Executioner hits you but does no damage. x2
The Executioner hits you.
* * * LOW HITPOINT WARNING * * *
The Executioner hits you but does no damage.
The Executioner closely misses you. The Executioner hits you!
* * * LOW HITPOINT WARNING * * *
The Executioner barely misses you.
The Executioner hits you but does no damage.
You puncture the Executioner!
The Executioner is lightly wounded.
The Executioner hits you!!
You die...

. , ,..#..≈.... . ,
......#.... ##≈,
............
#####.#######.........
##..#........##........
#.............##..##...
#......2.......### ....
##....1^....%.# *....
#....@#####.....1###..
#....## .........,..
##... .......$.. .
####* ........... ,
#####......,*,* * , ,
....., ,, .... ,, *, .
,*, , , ,** ,


You could see an Executioner and a friendly blizzard demon.

Vanquished Creatures
  Rupert (Lair:7)
  Maud (Lair:4)
  A balrug (Depths:1)
  A dire elephant (D:15)
  Snorg (Lair:4)
  2 centaur warriors (D:14)
  An ogre mage (D:15)
  3 hydras
  3 death yaks
  Urug (D:12)
  A catoblepas (Lair:7)
  Nergalle (D:13)
  A hell knight (Depths:1)
  An orb spider (Spider:1)
  2 unseen horrors
  2 griffons
  6 hill giants
  A necromancer (D:13)
  A cyclops (D:12)
  A wolf spider (Spider:1)
  A faun (Shoals:1)
  5 black mambas
  4 manticores
  A slime creature (D:15)
  5 elephants
  5 spiny frogs
  An alligator snapping turtle skeleton (Shoals:1)
  2 yaktaurs (D:13)
  An efreet (D:15)
  A snapping turtle (Shoals:1)
  6 komodo dragons
  5 two-headed ogres
  A tengu conjurer (D:15)
  4 jumping spiders (Spider:1)
  A wind drake (Shoals:1)
  2 boulder beetles
  2 polar bears
  3 basilisks
  2 trolls
  2 ravens (D:15)
  A hydra skeleton (D:15)
  A raiju (shapeshifter) (D:14)
  2 trapdoor spiders
  3 wyverns
  14 blink frogs
  2 wraiths
  5 redbacks (Spider:1)
  A tarantella (shapeshifter) (Depths:1)
  A hill giant zombie (D:13)
  A tarantella (Spider:1)
  A human (D:7)
  3 deep elf magi
  10 hippogriffs
  13 wolves
  35 yaks
  5 water moccasins
  A mottled dragon (D:15)
  8 orc warriors
  A phantom (D:7)
  3 ice beasts
  2 sky beasts
  A black bear (D:10)
  6 porcupines
  An ogre (shapeshifter) (D:13)
  6 spiders (Lair:3)
  6 centaurs
  4 ogres
  3 boggarts (D:15)
  A yellow wasp (D:9)
  A boring beetle (Lair:8)
  7 crocodiles
  A big kobold (D:7)
  17 giant frogs
  A gnoll sergeant (D:4)
  A merfolk simulacrum (Shoals:1)
  2 scorpions
  A snapping turtle simulacrum (Shoals:1)
  6 wights
  An eye of draining (D:14)
  4 jellies
  27 killer bees
  A yellow wasp zombie (D:9)
  An electric eel (D:10)
  A goliath beetle (D:9)
  5 crimson imps
  11 orc priests
  An elf zombie (D:9)
  10 hounds
  12 orange rats (Lair:5)
  4 orc wizards
  A gnoll shaman (D:3)
  5 iguanas
  A killer bee zombie (D:14)
  5 sheep
  A sky beast zombie (D:8)
  10 worker ants
  2 mummies
  20 adders
  27 gnolls
  20 green rats
  10 giant mites
  3 shadow imps
  A worm (D:5)
  An inept item mimic (D:2)
  An adder zombie (D:10)
  8 giant geckos
  6 oozes
  57 orcs
  5 ball pythons
  10 giant cockroaches
  18 hobgoblins
  20 jackals
  27 kobolds
  5 quokkas
  11 bats
  11 giant newts
  8 gnoll skeletons (Ossuary)
  15 goblins
  3 kobold skeletons (Ossuary)
  8 orc skeletons (Ossuary)
  2 orc zombies
  A quokka skeleton (D:4)
  29 rats
  A rat zombie (D:6)
  2 fungi (Lair:8)
697 creatures vanquished.

Vanquished Creatures (collateral kills)
  Donald (Spider:1)
  Gastronok (Lair:1)
  A frost giant (Depths:1)
  4 hydras
  2 centaur warriors (D:15)
  2 tengu warriors (D:15)
  16 death yaks
  2 deep troll earth magi (Depths:1)
  A catoblepas (Lair:8)
  3 hell knights (Depths:1)
  2 deep trolls (Depths:1)
  A deep elf conjurer (Depths:1)
  A wizard (Depths:1)
  A necromancer (Depths:1)
  A red wasp (D:15)
  3 hill giants
  3 griffons
  A salamander (D:15)
  2 black mambas
  13 elephants
  3 jumping spiders (Spider:1)
  A mermaid (Lair:3)
  9 spiny frogs
  An item mimic (Lair:5)
  5 fire drakes
  8 komodo dragons
  A merfolk (Shoals:1)
  5 blink frogs
  A hydra skeleton (D:15)
  2 ravens (D:15)
  A trapdoor spider (Spider:1)
  27 yaks
  A redback (Spider:1)
  A hill giant skeleton (D:9)
  A hungry ghost (D:10)
  7 wolves
  A vampire mosquito (D:15)
  10 hippogriffs
  A deep troll zombie (Depths:1)
  8 porcupines
  4 water moccasins
  A yellow wasp (D:9)
  An orc warrior (D:9)
  A black bear (D:7)
  4 spiders
  A necrophage (D:8)
  7 crocodiles
  4 centaurs
  A boring beetle (Lair:8)
  A phantom (D:4)
  2 ogres
  10 giant frogs
  A fire drake zombie (Lair:8)
  2 scorpions
  A hippogriff zombie (D:9)
  A cyclops skeleton (D:10)
  An eye of draining (D:9)
  A yak zombie (Lair:6)
  5 killer bees
  2 wights (D:10)
  A wolf zombie (Lair:6)
  A troll skeleton (D:14)
  6 hounds
  2 orc wizards
  5 crimson imps
  2 orc priests (D:6)
  A centaur skeleton (D:4)
  2 jellies
  A giant frog skeleton (D:10)
  2 gnoll shamans (D:3)
  An iguana (D:14)
  An orange rat (Lair:5)
  2 worker ants (D:7)
  6 sheep
  A mummy (Ossuary)
  12 gnolls (D:3)
  8 adders
  37 green rats
  7 giant mites (Sewer)
  A shadow imp (D:9)
  A worm (D:5)
  An iguana zombie (D:5)
  2 oozes (Sewer)
  18 orcs
  2 ball pythons (Sewer)
  2 bats
  2 giant cockroaches (Sewer)
  4 hobgoblins
  6 jackals (D:3)
  2 quokkas
  4 giant geckos
  2 giant newts (Sewer)
  A giant spore (D:8)
  A gnoll skeleton (Ossuary)
  A hobgoblin zombie (D:6)
  A kobold (D:7)
  A kobold skeleton (Ossuary)
  3 orc skeletons (Ossuary)
  8 rats
  A rat zombie (D:6)
  A ballistomycete (D:8)
  14 fungi
  4 plants
387 creatures vanquished.

Vanquished Creatures (others)
  Margery (Depths:1)
  A balrug (Depths:1)
  A blizzard demon (Lair:7)
  A tengu warrior (D:15)
  A necromancer (Depths:1)
  A wolf spider zombie (Spider:1)
  An orange demon (Lair:2)
  A death yak zombie (Lair:8)
  2 redback zombies (Spider:1)
  A human skeleton (Spider:1)
  2 yaktaurs (D:13)
  A hellwing (Shoals:1)
  A tarantella zombie (Spider:1)
  A griffon zombie (Lair:2)
  A yak (D:12)
  A black mamba zombie (Lair:8)
  A wyvern (D:13)
  A hill giant zombie (D:15)
  A vampire mosquito (D:15)
  2 raven zombies (D:15)
  A hill giant skeleton (D:10)
  A deep troll zombie (Depths:1)
  A human zombie (Depths:1)
  2 neqoxecs
  A raven skeleton (D:15)
  3 spiny frog zombies
  A spiny frog skeleton (Lair:8)
  5 elephant zombies (Lair:2)
  4 blink frog zombies
  A manticore zombie (Lair:8)
  A blink frog skeleton (Lair:7)
  4 elephant skeletons (Lair:2)
  A komodo dragon zombie (Lair:2)
  A komodo dragon skeleton (Lair:7)
  6 spider zombies (Lair:3)
  A wyvern zombie (Lair:8)
  A water moccasin zombie (Lair:5)
  12 yak zombies
  A hippogriff zombie (Lair:8)
  2 hippogriff skeletons
  A yak skeleton (D:9)
  6 wolf zombies
  A yellow wasp zombie (D:9)
  4 giant frog zombies
  3 basilisk zombies
  A centaur zombie (D:9)
  A two-headed ogre zombie (D:15)
  An iron imp (Shoals:1)
  6 giant frog skeletons
  8 killer bee zombies
  A crocodile zombie (Lair:1)
  A crocodile skeleton (Lair:7)
  A hound zombie (D:8)
  An ogre skeleton (D:13)
  3 hound skeletons
  3 worker ant zombies
  An ufetubus (Shoals:1)
  A sheep zombie (Lair:4)
  5 adder skeletons
  3 adder zombies
  An orc (D:8)
  2 bat skeletons
  A bat zombie (D:4)
  A giant mite zombie (D:7)
  3 ball python skeletons (Sewer)
  6 giant gecko skeletons
  A giant newt skeleton (Sewer)
  12 gnoll skeletons
  A gnoll zombie (D:6)
  A goblin skeleton (D:3)
  A goblin zombie (D:9)
  8 green rat zombies
  3 hobgoblin skeletons
  5 hobgoblin zombies
  3 jackal skeletons (D:3)
  2 kobold skeletons
  4 kobold zombies
  8 orc skeletons
  13 orc zombies
  A quokka skeleton (D:3)
  A quokka zombie (Lair:2)
  3 rat skeletons
  A rat zombie (Lair:5)
  3 fungi
  10 plants
220 creatures vanquished.

Grand Total: 1304 creatures vanquished

Notes
Turn   | Place    | Note
--------------------------------------------------------------
     0 | D:1      | Psiweapon, the Deep Dwarf Necromancer, began the quest for the Orb.
     0 | D:1      | Reached XP level 1. HP: 15/15 MP: 2/2
   188 | D:1      | Reached XP level 2. HP: 13/22 MP: 0/4
   814 | D:1      | Reached skill level 5 in Necromancy
   814 | D:1      | Reached XP level 3. HP: 14/28 MP: 4/6
   819 | D:1      | Learned a level 3 spell: Vampiric Draining
   821 | D:1      | Learned a level 1 spell: Animate Skeleton
   964 | D:2      | Found a shadowy altar of Dithmenos.
  1397 | D:2      | Reached XP level 4. HP: 28/36 MP: 7/7
  2098 | D:3      | Found a glowing drain.
  2105 | D:3      | Reached skill level 6 in Necromancy
  2171 | Sewer    | Entered a sewer
  2363 | Sewer    | Reached XP level 5. HP: 39/42 MP: 7/9
  2511 | Sewer    | Reached skill level 7 in Necromancy
  2793 | Sewer    | Noticed a giant frog
  2794 | Sewer    | Noticed a giant frog
  2803 | Sewer    | Killed a giant frog
  2803 | Sewer    | Reached skill level 8 in Necromancy
  2803 | Sewer    | Reached XP level 6. HP: 44/49 MP: 5/10
  2812 | Sewer    | Killed a giant frog
  3114 | D:3      | Noticed an ogre
  3128 | D:3      | Killed an ogre
  3128 | D:3      | Reached skill level 9 in Necromancy
  3128 | D:3      | Reached XP level 7. HP: 13/55 MP: 3/12
  3229 | D:3      | Noticed an ogre
  3236 | D:3      | Killed an ogre
  4598 | D:4      | Learned a level 4 spell: Animate Dead
  4769 | D:4      | Reached skill level 10 in Necromancy
  4769 | D:4      | Reached XP level 8. HP: 34/62 MP: 4/13
  4962 | D:4      | Found a blossoming altar of Fedhas.
  5173 | D:4      | Found an iron altar of Okawaru.
  5229 | D:4      | Reached skill level 5 in Dodging
  5318 | D:4      | Found a shimmering altar of Xom.
  5452 | D:5      | Entered Level 5 of the Dungeon
  5475 | D:4      | Reached skill level 1 in Maces & Flails
  5569 | D:5      | Found a staircase to the Ecumenical Temple.
  5578 | Temple   | Entered the Ecumenical Temple
  5756 | D:5      | Found a basalt altar of Yredelemnul.
  6743 | D:5      | Reached skill level 1 in Polearms
  6992 | D:6      | Found a stormy altar of Qazlal.
  7203 | D:6      | Found a sand-covered staircase.
  7218 | Ossuary  | Entered an ossuary
  7940 | D:6      | Gained mutation: You passively map the area around you. [level up]
  7940 | D:6      | Reached XP level 9. HP: 59/68 MP: 8/15
  8525 | D:7      | Found a radiant altar of Vehumet.
  8614 | D:7      | Found a bloodstained altar of Trog.
  8734 | D:7      | Reached skill level 5 in Polearms
  9728 | D:8      | Found a burning altar of Makhleb.
  9779 | D:9      | Found a staircase to the Orcish Mines.
  9788 | D:9      | Identified a scroll of acquirement
  9818 | D:9      | Reached XP level 10. HP: 44/75 MP: 3/16
  9982 | D:9      | Reached skill level 10 in Dodging
 10068 | D:9      | Found a shattered altar of Ashenzari.
 10487 | D:9      | Found a snail-covered altar of Cheibriados.
 10664 | D:8      | Became a worshipper of Makhleb the Destroyer
 11214 | D:8      | Acquired Makhleb's first power
 11583 | D:9      | Found a roughly hewn altar of Beogh.
 11591 | D:10     | Entered Level 10 of the Dungeon
 11650 | D:10     | Noticed a hill giant
 11658 | D:9      | Reached skill level 5 in Spellcasting
 12133 | D:9      | Acquired Makhleb's second power
 12439 | D:10     | Got a steaming helmet
 12459 | D:10     | Identified the +1 helmet of Fortitude {Dex+2} (You acquired it on level 10 of the Dungeon)
 12468 | D:10     | Killed a hill giant
 12468 | D:10     | Reached XP level 11. HP: 81/81 MP: 9/23
 12682 | D:10     | Found Reolesus' Antique Weapon Shop.
 12682 | D:10     | Noticed a hill giant
 12692 | D:10     | Killed a hill giant
 12738 | D:10     | Reached skill level 5 in Invocations
 13280 | D:10     | Acquired Makhleb's third power
 13407 | D:11     | Found a shadowy altar of Dithmenos.
 13630 | D:11     | Noticed a hill giant
 13659 | D:11     | Killed a hill giant
 13699 | D:11     | Noticed a hill giant
 13719 | D:11     | Killed a hill giant
 13735 | D:11     | Noticed Nessos
 13981 | D:11     | Noticed a hill giant
 13993 | D:11     | Killed a hill giant
 14007 | D:11     | Reached skill level 10 in Invocations
 14008 | D:11     | Acquired Makhleb's fourth power
 14089 | D:11     | Found a staircase to the Lair.
 14098 | Lair:1   | Entered Level 1 of the Lair of Beasts
 14208 | Lair:1   | Reached skill level 11 in Invocations
 14354 | Lair:1   | Noticed Gastronok
 14373 | Lair:1   | Killed Gastronok
 14460 | Lair:1   | Reached skill level 12 in Invocations
 14914 | Lair:1   | Reached XP level 12. HP: 73/88 MP: 28/28
 15040 | Lair:1   | Reached skill level 13 in Invocations
 15740 | Lair:2   | Reached skill level 14 in Invocations
 15923 | Lair:2   | Acquired Makhleb's fifth power
 15923 | Lair:2   | Reached skill level 15 in Invocations
 16137 | Lair:2   | Reached skill level 16 in Invocations
 16571 | Lair:2   | Learned a level 2 spell: Stoneskin
 16651 | Lair:3   | Found a hole to the Spider Nest.
 16666 | Lair:3   | Reached skill level 1 in Earth Magic
 16677 | Lair:3   | Reached skill level 1 in Fighting
 17450 | Lair:3   | Found a staircase to the Shoals.
 17881 | Lair:4   | Reached skill level 5 in Earth Magic
 18043 | Lair:4   | Reached skill level 1 in Armour
 18048 | Lair:4   | Noticed Snorg
 18067 | Lair:4   | Killed Snorg
 18219 | Lair:4   | Found a staircase to the Swamp.
 18429 | Lair:4   | Noticed Maud
 18442 | Lair:4   | Killed Maud
 18442 | Lair:4   | Reached XP level 13. HP: 47/105 MP: 12/30
 19081 | Lair:5   | Reached skill level 5 in Fighting
 19439 | Lair:5   | Reached skill level 5 in Armour
 20719 | Lair:6   | Found a viscous altar of Jiyva.
 20722 | Lair:6   | Found a staircase to the Slime Pits.
 21133 | Lair:7   | Noticed Rupert
 21133 | Lair:7   | Paralysed by Rupert for 5 turns
 21157 | Lair:7   | Killed Rupert
 21753 | Lair:7   | Gained mutation: You resist negative energy. [level up]
 21753 | Lair:7   | Reached XP level 14. HP: 126/126 MP: 24/31
 22088 | Lair:8   | Entered Level 8 of the Lair of Beasts
 22805 | Lair:8   | Reached skill level 10 in Armour
 23113 | Lair:8   | Got a dazzling quarterstaff
 23124 | Lair:8   | Identified the +10 quarterstaff of Virtue {distort, rElec} (You found it on level 8 of the Lair of Beasts)
 23304 | Lair:8   | Reached skill level 1 in Staves
 23304 | Lair:8   | Reached skill level 1 in Evocations
 24137 | D:12     | Noticed Urug
 24142 | D:12     | Killed Urug
 24636 | D:13     | Reached skill level 5 in Evocations
 24942 | Lair:2   | Learned a level 5 spell: Agony
 24948 | Lair:2   | Learned a level 5 spell: Lee's Rapid Deconstruction
 25466 | D:13     | Found a gate to the Vaults.
 25618 | D:13     | Got a wavering iron ring
 25620 | D:13     | Identified the ring "Zolloew" {Wiz Str+4 Int+3} (You found it on level 13 of the Dungeon)
 25861 | D:13     | Noticed Nergalle
 25865 | D:13     | Killed Nergalle
 26250 | D:14     | Gained mutation: You are resistant to electric shocks. [potion of beneficial mutation]
 26920 | D:15     | Entered Level 15 of the Dungeon
 26982 | D:15     | Reached skill level 5 in Staves
 27884 | D:15     | Reached XP level 15. HP: 102/138 MP: 28/31
 28057 | D:15     | Paralysed by a red wasp for 4 turns
 28273 | D:15     | Found a staircase to the Depths.
 28349 | Depths:1 | Entered Level 1 of the Depths
 28365 | Depths:1 | Found a gateway to a ziggurat.
 28584 | Depths:1 | Noticed Margery
 28594 | Depths:1 | Killed Margery
 28594 | Depths:1 | Reached skill level 10 in Earth Magic
 29097 | Lair:4   | the staircase to the Swamp was a mimic.
 29178 | Shoals:1 | Entered Level 1 of the Shoals
 29269 | Shoals:1 | Noticed Josephine
 29317 | Spider:1 | Entered Level 1 of the Spider Nest
 29579 | Lair:2   | Gained mutation: Your body is slowly deteriorating. [mutagenic glow]
 29623 | Lair:2   | Gained mutation: Your vision is a little blurry. [mutagenic glow]
 29742 | Spider:1 | Noticed Donald
 29759 | Spider:1 | Killed Donald
 29823 | Spider:1 | HP: 4/138 [Executioner[the player character] (4)]
 29827 | Spider:1 | Your ally Donald died
 29960 | Spider:1 | HP: 1/138 [Executioner[the player character] (10)]
 29963 | Spider:1 | Annihilated by an Executioner

Action                   |  1- 3 |  4- 6 |  7- 9 | 10-12 | 13-15 || total
-------------------------+-------+-------+-------+-------+-------++-------
Melee: Unarmed           |    20 |       |       |       |       ||    20
       Mace              |    17 |       |       |       |       ||    17
       Dagger            |     7 |   181 |    54 |       |       ||   242
       Whip              |       |       |   100 |    44 |       ||   144
       Trident           |       |       |   430 |  1043 |   594 ||  2067
       Quarterstaff      |       |       |       |       |   193 ||   193
Throw: Tomahawk          |       |    18 |     8 |     8 |     3 ||    37
 Cast: Pain              |    43 |    36 |    38 |    15 |    20 ||   152
       Vampiric Draining |     8 |    16 |    99 |   168 |   241 ||   532
       Animate Skeleton  |     6 |    25 |    57 |    28 |    21 ||   137
       Animate Dead      |       |       |    26 |    44 |    52 ||   122
       Lee's Rapid Decon |       |       |       |       |     7 ||     7
       Stoneskin         |       |       |       |       |     4 ||     4
       Agony             |       |       |       |       |     3 ||     3
Invok: Major Destruction |       |       |       |     8 |   113 ||   121
       Lesser Servant of |       |       |       |     3 |     2 ||     5
       Minor Destruction |       |       |       |     1 |    24 ||    25
       Greater Servant o |       |       |       |       |    11 ||    11
 Abil: Evoke Teleportati |       |       |       |     2 |       ||     2
       Device Recharging |       |       |       |     1 |     1 ||     2
Evoke: Wand              |       |       |    11 |    13 |    18 ||    42
  Use: Scroll            |       |       |    15 |     9 |    24 ||    48
       Potion            |       |       |       |     1 |     5 ||     6
 Stab: Distracted        |       |       |     8 |    22 |    14 ||    44
       Sleeping          |       |       |     9 |     3 |     5 ||    17
       Paralysed         |       |       |     8 |       |     2 ||    10
       Fleeing           |       |       |       |     1 |       ||     1
  Eat: Chunk             |     3 |     9 |    52 |    54 |    53 ||   171
       Beef jerky        |       |       |     2 |       |     1 ||     3
       Meat ration       |       |       |     1 |       |     2 ||     3
       Fruit             |       |       |       |     1 |     2 ||     3
       Pizza             |       |       |       |       |     7 ||     7
       Royal jelly       |       |       |       |       |     2 ||     2
